[Event "Team 45 45 League T40"]
[Site "Internet Chess Club"]
[Date "2009.03.08"]
[Round "6"]
[White "Despair"]
[Black "CalyDeArgentina"]
[Result "1/2-1/2"]
[WhiteElo "1935"]
[BlackElo "1809"]
[Opening "Nimzovich-Larsen attack: Indian variation"]
[ECO "A01"]
[Time "04:00:22"]
[TimeControl "2700+45"]

1. b3 Nf6 2. Bb2 d6 3. Nf3 Nbd7 4. d3 e5 5. g3 Be7 6. Nbd2 O-O 7. Bg2 c6 8. O-O
Qc7 9. c4 a5 10. e4 b6 11. d4 exd4 12. Nxd4 Ne5 13. f4 Nd3 14. Bc3 Bd7 15. Qe2
Nc5 16. Bf3 h6 17. Rfd1 Rfe8 18. Bb2 Bf8 19. Rac1 Re7 20. e5 dxe5 21. fxe5 Rxe5
22. Nb5 cxb5 23. Bxe5 Qc8 24. Bxa8 Qxa8 25. Bxf6 gxf6 26. cxb5 Bh3 27. Qf3 Qc8
28. Nc4 Bg4 29. Qc6 Qf5 30. Rd5 Qe4 31. Rd2 Qg6 32. Nxb6 Ne4 33. Rd8 Kg7 34.
Rxf8 Kxf8 35. Nd7+ Bxd7 36. Qxd7 Qg5 37. Rc8+ Kg7 38. Kg2 Qh5 39. Qd3 Ng5 40. h4
Ne6 41. b6 Qg4 42. Qc4 Nd4 43. b7 Qf3+ 44. Kh2 Qf2+ 45. Kh3 Qf5+ 46. Kh2 Qf2+
47. Kh1 Qf3+ 48. Kg1 Qxg3+ 49. Kf1 Qf3+ 50. Ke1 Qxb7 51. Rc7 Qe4+ 52. Kd2 Nf3+
53. Kc1 Qe3+ 54. Kb2 Ne5 55. Qd5 Qf2+ 56. Ka3 Qxh4 57. Qxa5 Qf4 58. Qb5 h5 59.
Qe8 h4 60. Rc8 Kg6 61. Qg8+ Kf5 62. Qh7+ Ke6 63. Qh8 Kf5 64. Qh5+ Ke6 65. Qe2 h3
66. Re8+ Kf5 67. Qh5+ Ke4 68. Qe2+ Kf5 69. Rh8 Qc1+ 70. Kb4 Nc6+ 71. Ka4 Qf4+
72. Qc4 Qxc4+ 73. bxc4 Kg4 74. Kb5 Nd4+ 75. Kb6 f5 76. c5 f4 77. c6 Nxc6 78.
Rg8+ Kf3 79. Kxc6 h2 80. Rh8 Kg2 81. Rg8+ Kf2 82. Rh8 Kg2 83. Kd5 f3 84. Rg8+
Kf2 85. Rh8 Kg2 86. Rg8+ Kh1 87. Rf8 f2 88. Rxf7 Kg1 89. Rg7+ Kf1 90. Rh7 Ke1
91. Rxh2 f1=Q 92. Ke4 Qc4+ 93. Ke3 Qc3+ 94. Ke4 Qg3 95. Rb2 Kd1 96. Rb1+ Kc2 97.
Rb3 Qg4+ 98. Ke5 Qa4 99. Re3 Kd2 100. Rf3 Ke2 101. Rg3 Kf2 102. Rh3 Kg2 103. Rh7
Kf3 104. Rh3+ Kg4 105. Rd3 Qxa2 106. Rd4+ Kg5 107. Rd5 Qe2+ 108. Kd4+ Kf4 109.
Rc5 Qd2+ 110. Kc4 Ke4 111. Rb5 Qc2+ 112. Kb4 Kd4 113. Ka3 Qc1+ 114. Ka4 Qc4+
115. Rb4 Qxb4+ 116. Kxb4 {Game drawn because neither player has mating material}
1/2-1/2

[Event "Team 45 45 League T40"]
[Site "Internet Chess Club"]
[Date "2009.03.07"]
[Round "6"]
[White "calily"]
[Black "ThatsWatSheSaid"]
[Result "1-0"]
[WhiteElo "1756"]
[BlackElo "1587"]
[Opening "Giuoco Piano"]
[ECO "C54"]
[Time "09:30:20"]
[TimeControl "2700+45"]

1. e4 e5 2. Nf3 Nc6 3. Bc4 Bc5 4. c3 Nf6 5. d3 d6 6. a4 O-O 7. b4 Bxf2+ 8. Kxf2
Ng4+ 9. Kf1 Be6 10. Bg5 Qd7 11. h3 f6 12. hxg4 fxg5 13. Kg1 Bxc4 14. dxc4 Qxg4
15. Nbd2 Rf4 16. Qe2 Raf8 17. Rf1 h5 18. Qd3 Ne7 19. Nh2 Rxf1+ 20. Ndxf1 {Black
resigns} 1-0

[Event "Team 45 45 League T40"]
[Site "Internet Chess Club"]
[Date "2009.03.09"]
[Round "6"]
[White "RyanRipley"]
[Black "alexcluster"]
[Result "1-0"]
[WhiteElo "1684"]
[BlackElo "1581"]
[Opening "Sicilian: wing gambit"]
[ECO "B20"]
[Time "16:27:27"]
[TimeControl "2700+45"]

1. e4 c5 2. b4 b6 3. bxc5 bxc5 4. Nf3 d6 5. d4 cxd4 6. Qxd4 Nf6 7. e5 dxe5 8.
Qxd8+ Kxd8 9. Nxe5 Be6 10. Bb5 h6 11. Nc3 a6 12. Ba4 g5 13. Bb3 Bxb3 14. axb3
Rh7 15. O-O Nfd7 16. Nxd7 Nxd7 17. Na4 Bg7 18. Ra2 Kc7 19. f4 f6 20. fxg5 hxg5
21. Re1 e5 22. Be3 Bf8 23. Rd1 Kc6 24. Nc3 Bc5 25. Bxc5 Nxc5 26. b4 Ne6 27. Ne4
Nd4 28. c3 Nb5 29. c4 Nd4 30. Nxf6 Rha7 31. Ne4 a5 32. b5+ Kd7 33. Nxg5 a4 34.
Ne4 {Black resigns} 1-0

[Event "Team 45 45 League T40"]
[Site "Internet Chess Club"]
[Date "2009.03.08"]
[Round "6"]
[White "primerpaso"]
[Black "Portola"]
[Result "1-0"]
[WhiteElo "1792"]
[BlackElo "1623"]
[Opening "English opening"]
[ECO "A10"]
[Time "20:00:23"]
[TimeControl "2700+45"]

1. c4 Nc6 2. Nc3 Nf6 3. d4 d6 4. g3 e5 5. d5 Ne7 6. Bg2 Ng6 7. h4 h5 8. Nh3 Be7
9. e4 Bd7 10. Qe2 c5 11. dxc6 bxc6 12. O-O Nf8 13. Be3 Ne6 14. Rad1 Ng4 15. Rd2
O-O 16. Rfd1 Qc8 17. Ng5 Nxe3 18. Qxe3 Nxg5 19. hxg5 Qd8 20. Qe2 g6 21. c5 Be6
22. f4 exf4 23. gxf4 d5 24. b4 Qc7 25. exd5 cxd5 26. Bxd5 Bg4 27. Bf3 Qxf4 28.
Bxg4 Qg3+ 29. Kf1 hxg4 30. Ne4 Qf4+ 31. Kg2 Kg7 32. Rf1 Qc7 33. Qxg4 Rad8 34.
Rxd8 Rxd8 35. Qf3 Rf8 36. Qc3+ Kg8 37. Rh1 f6 38. Qh3 Kf7 39. Qh7+ Ke8 40. gxf6
Rxf6 41. Nxf6+ Kd8 42. Qg8+ {Black resigns} 1-0

[Event "Team 45 45 League T40"]
[Site "Internet Chess Club"]
[Date "2009.03.07"]
[Round "6"]
[White "room-matt"]
[Black "fishhead"]
[Result "0-1"]
[WhiteElo "1774"]
[BlackElo "2020"]
[Opening "Alekhine's defense: exchange variation"]
[ECO "B02"]
[Time "14:41:20"]
[TimeControl "2700+45"]

1. e4 Nf6 2. e5 Nd5 3. c4 Nb6 4. d4 d6 5. exd6 cxd6 6. Nc3 g6 7. Be3 Bg7 8. Rc1
O-O 9. b3 e5 10. dxe5 Bxe5 11. Nf3 Bg7 12. Be2 Nc6 13. Bf4 Re8 14. O-O Bf5 15.
Qd2 Qe7 16. Rfe1 Ne5 17. Nb5 Nc8 18. Nbd4 Bd7 19. Bf1 a6 20. Re2 f6 21. Rce1 Qf7
22. h3 Ne7 23. Bh6 Rad8 24. Bxg7 Kxg7 25. Re4 h5 26. Rf4 Nf5 27. Nxf5+ Bxf5 28.
Nd4 Bc8 29. Re3 d5 30. c5 Qc7 31. b4 g5 32. Rg3 h4 33. Rxh4 Ng6 34. Rh5 Rh8 35.
Be2 Rxh5 36. Bxh5 Nf4 37. Bg4 Bxg4 38. Rxg4 Qe5 39. Qe3 Kg6 40. h4 Re8 41. Qc3
Kh5 42. Rg3 Qxd4 43. Qf3+ Kh6 44. hxg5+ fxg5 45. Qg4 Ne2+ 46. Kh2 Qxg4 47. Rxg4
Kg6 48. f3 Rh8+ {White resigns} 0-1

[Event "Team 45 45 League T40"]
[Site "Internet Chess Club"]
[Date "2009.03.08"]
[Round "6"]
[White "CREDITorDEBIT"]
[Black "tryanything"]
[Result "1-0"]
[WhiteElo "1730"]
[BlackElo "1649"]
[Opening "Ruy Lopez: Schliemann defense"]
[ECO "C63"]
[Time "17:39:47"]
[TimeControl "2700+45"]

1. e4 e5 2. Nf3 Nc6 3. Bb5 f5 4. exf5 e4 5. Bxc6 dxc6 6. Ne5 Nf6 7. O-O Bxf5 8.
d4 exd3 9. cxd3 Bd6 10. Re1 O-O 11. Qb3+ Nd5 12. Nc3 Bxe5 13. Rxe5 Qf6 14. Bf4
Be6 15. Bg3 Nf4 16. Rxe6 Nxe6 17. Ne4 Qf7 18. Qxb7 Nd4 19. Qxc7 Ne2+ 20. Kf1
Nxg3+ 21. Qxg3 Qd5 22. b3 Rae8 23. Rc1 Re6 24. Qe3 Rd8 25. Rc3 Qe5 26. Qg5 Qxg5
27. Nxg5 Red6 28. Ke2 Rg6 29. h4 h6 30. Nf3 Re8+ 31. Kf1 Rd6 32. d4 a6 33. Re3
Rxe3 34. fxe3 Kf7 35. Ke2 Ke6 36. e4 a5 37. Ke3 Kf7 38. g4 g6 39. g5 h5 40. Ne5+
Ke7 41. Nc4 Re6 42. Nxa5 c5 43. dxc5 Ra6 44. b4 Ke6 45. a3 Kd7 46. Kd4 Ke6 47.
Nc4 {Black resigns} 1-0

[Event "Team 45 45 League T40"]
[Site "Internet Chess Club"]
[Date "2009.03.10"]
[Round "6"]
[White "clarinetref"]
[Black "cknights"]
[Result "1-0"]
[WhiteElo "1670"]
[BlackElo "1612"]
[Opening "Réti opening"]
[ECO "A11"]
[Time "19:04:33"]
[TimeControl "2700+45"]

1. Nf3 d5 2. c4 c6 3. g3 Nf6 4. Bg2 e6 5. b3 g6 6. Bb2 Bg7 7. O-O O-O 8. d3 b6
9. Nbd2 Bb7 10. Rc1 Nbd7 11. b4 Rc8 12. Rc2 Qe7 13. a3 Rfd8 14. Qa1 Rc7 15. Rfc1
Rdc8 16. cxd5 exd5 17. e4 dxe4 18. dxe4 Bh6 19. Re1 c5 20. bxc5 Rxc5 21. Rxc5
Rxc5 22. Bd4 Rc8 23. Bh3 Rd8 24. e5 Nd5 25. e6 Nf8 26. exf7+ Qxf7 27. Ne5 Qc7
28. Ne4 Re8 29. Ng4 Nd7 30. Nxh6+ Kf8 31. Bg7+ Ke7 32. Nf6+ Kd6 33. Nxe8+ Kc6
34. Rc1+ Nc5 35. Nxc7 Kxc7 36. Qe5+ Kc6 37. Be6 Ne7 38. Qe4+ Kb5 39. Qc4+ Kc6
40. Qe4+ Kb5 41. a4+ Ka6 42. Qc4+ Ka5 43. Qb5# {Black checkmated} 1-0

[Event "Team 45 45 League T40"]
[Site "Internet Chess Club"]
[Date "2009.03.08"]
[Round "6"]
[White "azbycx"]
[Black "charles-allen"]
[Result "0-1"]
[WhiteElo "1791"]
[BlackElo "1889"]
[Opening "Queen's pawn game, Darooha variation "]
[ECO "D02"]
[Time "22:00:11"]
[TimeControl "2700+45"]

1. d4 d5 2. Nf3 Nf6 3. g3 c6 4. Bg2 Bg4 5. O-O Nbd7 6. b3 e6 7. c4 Bd6 8. Nc3
O-O 9. Bg5 h6 10. Bc1 Qe7 11. Bb2 Rfe8 12. cxd5 exd5 13. Re1 Rad8 14. Qc2 Ne4
15. Nxe4 dxe4 16. Ne5 Nxe5 17. dxe5 Bxe5 18. Bxe5 Qxe5 19. Rad1 e3 20. f3 Bf5
21. Qc1 Qa5 22. a3 Rd2 23. b4 Qd5 24. f4 Qd4 25. Rf1 Rd8 26. Rde1 Rc2 27. Qb1
Rxe2 28. Qxf5 Rxe1 29. Rxe1 e2+ {White resigns} 0-1

[Event "Team 45 45 League T40"]
[Site "Internet Chess Club"]
[Date "2009.03.08"]
[Round "6"]
[White "ShanghaiTom"]
[Black "Rainbird"]
[Result "0-1"]
[WhiteElo "1708"]
[BlackElo "1793"]
[Opening "French: exchange variation"]
[ECO "C01"]
[Time "09:27:11"]
[TimeControl "2700+45"]

1. e4 e6 2. d4 d5 3. exd5 exd5 4. c4 Bb4+ 5. Bd2 Qe7+ 6. Qe2 Bxd2+ 7. Kxd2 Qxe2+
8. Bxe2 dxc4 9. Bxc4 Nf6 10. f3 O-O 11. Nc3 Nc6 12. Nge2 Na5 13. Bd3 Be6 14.
Rhe1 Bc4 15. b3 Bxd3 16. Kxd3 Nc6 17. a3 Ne7 18. g3 Ned5 19. Nxd5 Nxd5 20. Nc3
Nxc3 21. Kxc3 Rfe8 22. Rac1 Kf8 23. Kc4 Rxe1 24. Rxe1 Re8 25. Rxe8+ Kxe8 26. b4
Ke7 27. Kd5 Kd7 28. f4 c6+ 29. Kc4 Kd6 30. a4 f5 31. h3 h5 32. h4 g6 33. d5
cxd5+ 34. Kd3 a5 35. Kc3 axb4+ 36. Kxb4 Kc6 37. a5 d4 38. Kc4 d3 39. Kxd3 Kd5
40. Kc3 Kc5 41. Kd3 Kb5 42. Kd4 Kxa5 43. Ke5 b5 44. Kf6 b4 45. Kxg6 b3 46. Kxf5
b2 47. Kg5 b1=Q 48. f5 Qd1 49. f6 Qg4+ 50. Kh6 Qxg3 51. Kxh5 Qg8 52. Kh6 Qf7 53.
h5 Qxf6+ 54. Kh7 Qg5 55. h6 Kb6 {White resigns} 0-1

[Event "Team 45 45 League T40"]
[Site "Internet Chess Club"]
[Date "2009.03.07"]
[Round "6"]
[White "SneakyRed"]
[Black "BraafPaard"]
[Result "1-0"]
[WhiteElo "1962"]
[BlackElo "1550"]
[Opening "Petrov: modern attack, Symmetrical variation"]
[ECO "C43"]
[Time "11:02:32"]
[TimeControl "2700+45"]

1. e4 e5 2. Nf3 Nf6 3. d4 Nxe4 4. Bd3 d5 5. Nxe5 Be6 6. Qe2 Nf6 7. Bg5 Be7 8.
Nd2 Nbd7 9. Ndf3 O-O 10. h3 Rc8 11. c3 c5 12. Nxd7 Nxd7 13. Bf4 c4 14. Bb1 b5
15. O-O h6 16. Qc2 Nf6 17. Be5 Ne4 18. Nd2 f5 19. f3 Nf6 20. Re1 Qd7 21. b4 Nh5
22. g4 fxg4 23. Qh7+ Kf7 24. Bg6# {Black checkmated} 1-0

[Event "Team 45 45 League T40"]
[Site "Internet Chess Club"]
[Date "2009.03.09"]
[Round "6"]
[White "jazzyrick"]
[Black "Konstantinos"]
[Result "0-1"]
[WhiteElo "1505"]
[BlackElo "1713"]
[Opening "Sicilian: Labourdonnais-Löwenthal (Kalashnikov) variation"]
[ECO "B32"]
[Time "18:00:14"]
[TimeControl "2700+45"]

1. e4 c5 2. Nf3 Nc6 3. d4 cxd4 4. Nxd4 e5 5. Nb5 d6 6. N1c3 a6 7. Na3 Nf6 8. Bg5
Be7 9. Bxf6 Bxf6 10. Nd5 O-O 11. c3 b5 12. Nc2 Bb7 13. Be2 Na5 14. O-O Rc8 15.
Bg4 Rb8 16. Qd3 Bxd5 17. Qxd5 Qb6 18. Rad1 Be7 19. Ne3 Rfd8 20. Qd3 Rb7 21. Nd5
Qc6 22. b3 Ra7 23. f4 exf4 24. Rxf4 Qb7 25. Bf3 Nc6 26. Rf1 Ne5 27. Qe2 Bg5 28.
Rf5 h6 29. Rxe5 dxe5 30. Rd1 Qc6 31. Qf2 Rb7 32. g3 Qg6 33. Kf1 Kh8 34. h4 Be7
35. Ke2 Bf8 36. h5 Qc6 37. g4 a5 38. Rd3 a4 39. Qe1 axb3 40. axb3 Ra7 41. Nb4
Qc8 42. Nd5 Qc5 43. b4 Qc4 44. Qd1 Ra3 45. Kf2 Qc6 46. Kg3 Rda8 47. Be2 Ra1 48.
Qd2 R8a2 49. Qe3 Re1 50. Rd2 Raa1 51. Qd3 Rg1+ 52. Kf3 Rh1 53. Qxb5 Qa8 54. c4
Qd8 55. c5 Qh4 56. Ke3 Ra3+ 57. Rd3 Qg3+ 58. Kd2 Qe1+ 59. Ke3 Rh3# {White
checkmated} 0-1

[Event "Team 45 45 League T40"]
[Site "Internet Chess Club"]
[Date "2009.03.08"]
[Round "6"]
[White "jesterday"]
[Black "Ianjo"]
[Result "1/2-1/2"]
[WhiteElo "1961"]
[BlackElo "1890"]
[Opening "English: symmetrical, main line with d3"]
[ECO "A38"]
[Time "14:01:48"]
[TimeControl "2700+45"]

1. c4 Nf6 2. Nc3 c5 3. g3 Nc6 4. Bg2 g6 5. Nf3 Bg7 6. d3 O-O 7. O-O d6 8. a3 Bg4
9. Qc2 Bxf3 10. exf3 Nd4 11. Qd1 Qb6 {Game drawn by mutual agreement} 1/2-1/2

[Event "Team 45 45 League T40"]
[Site "Internet Chess Club"]
[Date "2009.03.07"]
[Round "6"]
[White "besonegro"]
[Black "LuxAeterna"]
[Result "1/2-1/2"]
[WhiteElo "1739"]
[BlackElo "1796"]
[Opening "Caro-Kann: classical, Spassky variation"]
[ECO "B18"]
[Time "18:00:25"]
[TimeControl "2700+45"]

1. e4 c6 2. d4 d5 3. Nc3 dxe4 4. Nxe4 Bf5 5. Ng3 Bg6 6. Nf3 Nd7 7. h4 h6 8. h5
Bh7 9. Bd3 Bxd3 10. Qxd3 Qc7 11. Bd2 e6 12. Qe2 Ngf6 13. O-O-O O-O-O 14. Ne5
Nxe5 15. dxe5 Nd5 16. c4 Nb4 17. Bxb4 Bxb4 18. f4 Qb6 19. Ne4 {Game drawn by
mutual agreement} 1/2-1/2

[Event "Team 45 45 League T40"]
[Site "Internet Chess Club"]
[Date "2009.03.07"]
[Round "6"]
[White "raimundo"]
[Black "Orinal"]
[Result "0-1"]
[WhiteElo "1694"]
[BlackElo "1535"]
[Opening "Queen's pawn game, Darooha variation "]
[ECO "D02"]
[Time "07:45:08"]
[TimeControl "2700+45"]

1. d4 d5 2. Nf3 Nf6 3. g3 h6 4. Bg2 Bf5 5. c4 e6 6. Qb3 b6 7. Nc3 c6 8. Ne5 Qc7
9. Bf4 Bd6 10. Rc1 Nbd7 11. O-O Nxe5 12. dxe5 Bxe5 13. cxd5 Bxf4 14. gxf4 Qxf4
15. dxe6 Ng4 16. Bxc6+ Kf8 17. Qa3+ Kg8 18. exf7+ Kh7 19. Nd5 Qxh2# {White
checkmated} 0-1

[Event "Team 45 45 League T40"]
[Site "Internet Chess Club"]
[Date "2009.03.15"]
[Round "6"]
[White "Bega"]
[Black "xakelari"]
[Result "1/2-1/2"]
[WhiteElo "1807"]
[BlackElo "2043"]
[Opening "Ruy Lopez: old Steinitz defense"]
[ECO "C62"]
[Time "13:00:52"]
[TimeControl "2700+45"]

1. e4 e5 2. Nf3 Nc6 3. Bb5 d6 4. h3 Bd7 5. O-O Nf6 6. Re1 Be7 7. c3 O-O 8. Ba4
Re8 9. d4 Bf8 10. Bc2 h6 11. Nbd2 g6 12. Nf1 Bg7 13. Ng3 Nh7 14. Be3 Nf8 15. Qd2
Kh7 16. Rad1 Qf6 17. Nh2 Qh4 18. Ngf1 Qe7 19. f4 f6 20. Ng3 Nd8 21. Rf1 Bc6 22.
Rde1 Bd7 23. f5 g5 24. Ng4 Bb5 25. Rf2 Bc4 26. b3 Bf7 27. d5 Nd7 28. Kh2 h5 29.
Nxf6+ Bxf6 30. Bd1 h4 31. Nh5 Kh6 32. Nxf6 Qxf6 33. Rg1 Nc5 34. Bf3 Bh5 35. b4
Nd7 36. g3 hxg3+ 37. Rxg3 Nf7 38. Qe2 Bxf3 39. Qxf3 Rh8 40. Rfg2 Kg7 41. Bxg5
Nxg5 42. Rxg5+ Kf8 43. Qg4 Nb6 44. a4 Re8 45. a5 Nc8 46. Rg8+ Rxg8 47. Qxg8+ Ke7
48. Qh7+ Kd8 49. Rg7 Re7 50. Qh8+ Kd7 51. Rxe7+ Qxe7 52. f6 Qf7 53. h4 Ne7 54.
fxe7 Qf2+ {Game drawn by mutual agreement} 1/2-1/2

[Event "Team 45 45 League T40"]
[Site "Internet Chess Club"]
[Date "2009.03.08"]
[Round "6"]
[White "whitetiger"]
[Black "IceBox"]
[Result "1-0"]
[WhiteElo "1866"]
[BlackElo "1740"]
[Opening "QGD: classical variation (5.Bf4)"]
[ECO "D37"]
[Time "15:00:29"]
[TimeControl "2700+45"]

1. Nf3 d5 2. d4 Nf6 3. c4 e6 4. Nc3 Be7 5. Bf4 c6 6. e3 O-O 7. cxd5 exd5 8. Bd3
a6 9. Qc2 h6 10. g4 Nxg4 11. Rg1 Kh8 12. Bf5 Bxf5 13. Qxf5 Nf6 14. Qh3 Qd7 15.
Qg2 Rg8 16. O-O-O Qe6 17. Ne2 Nbd7 18. Be5 Nxe5 19. dxe5 Ne4 20. Ned4 Qd7 21. e6
Qe8 22. Ne5 fxe6 23. Nxe6 Bf6 24. Ng6+ Kh7 25. Nc7 Qd8 26. Nxa8 Qxa8 27. Qg4
Nxf2 28. Qf5 Nxd1 29. Nf8+ Kh8 30. Qh7# {Black checkmated} 1-0

[Event "Team 45 45 League T40"]
[Site "Internet Chess Club"]
[Date "2009.03.08"]
[Round "6"]
[White "egd01"]
[Black "siddhu"]
[Result "1/2-1/2"]
[WhiteElo "1518"]
[BlackElo "1709"]
[Opening "Ruy Lopez: Berlin defense, open variation"]
[ECO "C67"]
[Time "16:04:52"]
[TimeControl "2700+45"]

1. e4 e5 2. Nf3 Nc6 3. Bb5 Nf6 4. O-O Nxe4 5. Re1 Nd6 6. Nxe5 Nxe5 7. Rxe5+ Be7
8. Nc3 Nxb5 9. Nxb5 d6 10. Re1 O-O 11. d3 a6 12. Nc3 Bf5 13. Qf3 Qd7 14. Qxb7
Bf6 15. Nd5 Bd8 16. Qb3 Be6 17. c4 c6 18. Nb6 Bxb6 19. Qxb6 Rfb8 20. Qd4 d5 21.
b3 Re8 22. Bb2 f6 23. Re3 Rad8 24. Rae1 dxc4 25. Qxd7 Bxd7 26. dxc4 Rxe3 27.
Rxe3 Bf5 28. f3 Rd2 29. g4 Bg6 30. Ba3 Rxa2 31. Bc5 Ra5 32. b4 Ra2 33. h4 Bf7
34. Rc3 a5 35. b5 cxb5 36. cxb5 Rb2 37. b6 Bd5 38. Ra3 Rb5 39. Bf2 Kf7 40. Rc3
g5 41. Rc7+ Kg6 42. h5+ Kh6 43. Rd7 Bxf3 44. Rd6 Kg7 45. h6+ Kg8 46. Rxf6 Bxg4
47. Rc6 Bf3 48. Rc8+ Kf7 49. Kh2 g4 50. Kg3 a4 51. Rc7+ Kg6 52. Be3 Rb2 53. Rg7+
Kf5 54. Rxh7 Rg2+ 55. Kh4 Rh2+ 56. Kg3 Rg2+ 57. Kh4 Rh2+ 58. Kg3 Rg2+ 59. Kh4
{Game drawn by repetition} 1/2-1/2

[Event "Team 45 45 League T40"]
[Site "Internet Chess Club"]
[Date "2009.03.08"]
[Round "6"]
[White "eurander"]
[Black "SlimeDog2"]
[Result "1/2-1/2"]
[WhiteElo "2197"]
[BlackElo "2216"]
[Opening "King's Indian: East Indian defense"]
[ECO "A48"]
[Time "15:00:05"]
[TimeControl "2700+45"]

1. d4 Nf6 2. Nf3 g6 3. c3 Bg7 4. Bg5 d5 5. Nbd2 O-O 6. e3 b6 7. Bd3 Ba6 8. Bxa6
Nxa6 9. Qe2 Nb8 10. e4 dxe4 11. Nxe4 Nbd7 12. O-O h6 13. Nxf6+ Nxf6 14. Bf4 Qd7
15. Be5 Rac8 16. c4 Rfd8 17. Rfd1 {Game drawn by mutual agreement} 1/2-1/2

[Event "Team 45 45 League T40"]
[Site "Internet Chess Club"]
[Date "2009.03.07"]
[Round "6"]
[White "Kingofknights"]
[Black "crankn8tr"]
[Result "1-0"]
[WhiteElo "1753"]
[BlackElo "1544"]
[Opening "QGD: Tarrasch defense, Marshall gambit"]
[ECO "D32"]
[Time "20:03:10"]
[TimeControl "2700+45"]

1. d4 d5 2. c4 e6 3. Nc3 c5 4. cxd5 exd5 5. e4 dxe4 6. Bc4 Nf6 7. Qb3 Qc7 8. Nb5
Qd7 9. Bf4 Nc6 10. Nc7+ Kd8 11. Bxf7 Qg4 12. Bg3 Nb4 13. Nxa8 Nd3+ 14. Kf1 Nh5
15. Qd5+ Bd7 16. Qxh5 {Black resigns} 1-0

[Event "Team 45 45 League T40"]
[Site "Internet Chess Club"]
[Date "2009.03.08"]
[Round "6"]
[White "Ptzz"]
[Black "RiverOfLife"]
[Result "1-0"]
[WhiteElo "2119"]
[BlackElo "2049"]
[Opening "Benoni: 6.e4"]
[ECO "A65"]
[Time "19:40:25"]
[TimeControl "2700+45"]

1. d4 Nf6 2. c4 c5 3. d5 e6 4. Nc3 exd5 5. cxd5 d6 6. e4 g6 7. Bd3 Bg7 8. h3 O-O
9. Nf3 a6 10. a4 Nbd7 11. Bf4 Ne8 12. O-O Ne5 13. Be2 f5 14. Nxe5 dxe5 15. Be3
b6 16. f3 f4 17. Bf2 Nd6 18. Nb1 Qg5 19. Kh2 Qh5 20. Nd2 Rb8 21. a5 Nf7 22. Rh1
b5 23. Bxc5 Ng5 24. Kg1 Rd8 25. b4 Bf8 26. Nb3 Nxh3+ 27. gxh3 Bxh3 28. Bf1 Qg5+
29. Kf2 Qg3+ 30. Ke2 Bg2 31. Bxg2 Qxg2+ 32. Kd3 Bxc5 33. bxc5 b4 34. Qe2 Qg5 35.
Qh2 Qe7 36. Rag1 Qf7 37. Rxg6+ Qxg6 38. Rg1 Rxd5+ 39. Ke2 Rd7 40. Rxg6+ hxg6 41.
Qh6 Rg7 42. Qg5 Re8 43. Qf6 Ree7 44. Qxa6 Rh7 45. Qxg6+ Rhg7 46. Qd6 Rg2+ 47.
Kd3 Reg7 48. Qxe5 Rd7+ 49. Kc4 Rc2+ 50. Kxb4 Rb7+ 51. Ka3 {Black resigns} 1-0

[Event "Team 45 45 League T40"]
[Site "Internet Chess Club"]
[Date "2009.03.08"]
[Round "6"]
[White "PawnMorphy"]
[Black "Zumbi"]
[Result "1/2-1/2"]
[WhiteElo "1952"]
[BlackElo "2054"]
[Opening "QGD semi-Slav"]
[ECO "D43"]
[Time "10:18:10"]
[TimeControl "2700+45"]

1. d4 d5 2. Nf3 Nf6 3. c4 e6 4. Nc3 c6 5. Bg5 h6 6. Bxf6 Qxf6 7. e3 Nd7 8. Bd3
dxc4 9. Bxc4 g6 10. O-O Bg7 11. Qc2 O-O 12. Rac1 Qe7 13. Rfd1 b6 14. Qe2 a5 15.
Bd3 Bb7 16. Na4 Rfc8 17. b3 Rab8 18. Ba6 Bxa6 19. Qxa6 b5 20. Nc5 Nxc5 21. Rxc5
Qc7 22. Rdc1 Rb6 23. Qxa5 Bf8 24. R5c2 Bd6 25. Ne5 Bxe5 26. dxe5 Qb7 27. Qd2 Ra6
28. f4 Qa7 {Game drawn by mutual agreement} 1/2-1/2

[Event "Team 45 45 League T40"]
[Site "Internet Chess Club"]
[Date "2009.03.05"]
[Round "6"]
[White "mitus"]
[Black "LAJ"]
[Result "0-1"]
[WhiteElo "1840"]
[BlackElo "1959"]
[Opening "French defense"]
[ECO "C11"]
[Time "16:01:34"]
[TimeControl "2700+45"]

1. e4 e6 2. d4 d5 3. Nc3 Nf6 4. exd5 exd5 5. Nf3 Bb4 6. Bg5 Bxc3+ 7. bxc3 O-O 8.
Be2 h6 9. Bh4 Nc6 10. O-O Bg4 11. h3 Bh5 12. Nd2 Bxe2 13. Qxe2 a6 14. Qd3 Re8
15. Rfe1 Qd6 16. Bg3 Qd7 17. Rab1 Rxe1+ 18. Rxe1 Re8 19. Rxe8+ Nxe8 20. Nb3 Nd6
21. Nc5 Qc8 22. Qf3 Ne7 23. Bh4 Nef5 24. Bg3 Nxg3 25. Qxg3 b6 26. Nb3 Qe6 27.
Kf1 Qe8 28. Qd3 Qa4 29. Nc1 Qa3 30. Qe3 Qb2 31. Qd2 Ne4 32. Qe1 Qxc2 {White
resigns} 0-1

[Event "Team 45 45 League T40"]
[Site "Internet Chess Club"]
[Date "2009.03.10"]
[Round "6"]
[White "hondocando"]
[Black "pishd"]
[Result "1-0"]
[WhiteElo "1885"]
[BlackElo "1769"]
[Opening "Caro-Kann: two knights, 3...Bg4"]
[ECO "B11"]
[Time "16:16:51"]
[TimeControl "2700+45"]

1. e4 c6 2. Nc3 d5 3. Nf3 Bg4 4. h3 Bxf3 5. Qxf3 Nf6 6. e5 Nfd7 7. e6 fxe6 8.
Be2 e5 9. O-O e6 10. Qh5+ g6 11. Qg4 Qf6 12. d3 Qf7 13. Bg5 h6 14. Qh4 Bg7 15.
Bd2 Qe7 16. Qg3 Nf8 17. b4 Nbd7 18. a4 Bf6 19. a5 Bh4 20. Qg4 h5 21. Qf3 Qf6 22.
a6 b6 23. Qxf6 Bxf6 24. b5 c5 25. Ra4 g5 26. Bf3 O-O-O 27. Raa1 Ng6 28. Rae1 Ne7
29. Be2 Nf5 30. Kh2 Nd4 31. Bd1 Kc7 32. f3 h4 33. Be3 Nf5 34. Bd2 Ng3 35. Rf2
Rdf8 36. Ne2 Nxe2 37. Rfxe2 Rhg8 38. Kg1 Bh8 39. c3 Rf5 40. Bc2 d4 41. cxd4 cxd4
42. Rc1 Nc5 43. Bb4 Kd6 44. Bb3 Rc8 45. Bc4 Rf7 46. Rcc2 Rfc7 47. Re4 Ke7 48.
Re1 Kf6 49. Rce2 Kf5 50. Kh2 Bg7 51. Kh1 Bf8 52. Rxe5+ Kg6 53. Bxc5 Bxc5 54.
Rxe6+ Kg7 55. R1e5 Bb4 56. Rxg5+ Kh7 57. Rg4 Be1 58. Rxe1 {Black resigns} 1-0